 Dungeon Crawl Stone Soup version 0.28-a0-1142-gc8569940dd (webtiles) character file.

Game seed: 13463028987392584365

3 Caerun the Skirmisher (level 1, -1/14 HPs)
             Began as a Gargoyle Berserker on Dec 13, 2021.
             Was a Follower of Trog.
             Slain by a kobold (2 damage)
             ... on level 1 of the Dungeon.
             The game lasted 00:00:32 (116 turns).

Caerun the Skirmisher (Gargoyle Berserker)           Turns: 116, Time: 00:00:33

Health: -1/14      AC:  4    Str: 20    XL:     1   Next: 50%
Magic:  1/1        EV: 11    Int:  7    God:    Trog [*.....]
Gold:   16         SH:  0    Dex:  9    Spells: 0/0 levels left

rFire   . . .      SeeInvis .   a - +0 mace
rCold   . . .      Faith    .   (no shield)
rNeg    + . .      Spirit   .   b - +0 animal skin
rPois   ∞          Reflect  .   (no helmet)
rElec   +          Harm     .   (no cloak)
rCorr   .          Rampage  .   (no gloves)
Will    .....                   (no boots)
Stlth   +.........              (no amulet)
HPRegen 0.04/turn               (no ring)
MPRegen 0.07/turn               (no ring)

@: no status effects
A: sickness immunity, AC +2, negative energy resistance 1, electricity
resistance, torment resistance 1, petrification resistance
a: Renounce Religion, Berserk


You were on level 1 of the Dungeon.
You worshipped Trog.
Trog was aware of your devotion.
You visited 1 branch of the dungeon, and saw 1 of its levels.

You collected 16 gold pieces.

Inventory:

Hand Weapons
 a - a +0 mace (weapon)
Armour
 b - a +0 animal skin (worn)


   Skills:
 + Level 3.4 Fighting
 + Level 3.0 Maces & Flails
 - Level 2.2 Armour
 - Level 1.5 Dodging


You couldn't memorise any spells.
You didn't know any spells.
Your spell library was empty.

Dungeon Overview and Level Annotations

Branches:
Dungeon (1/15)

Altars:


Innate Abilities, Weirdness & Mutations

You are immune to sickness and miasma.
Your stone body is resilient. (AC +2)
You are immune to poison.
You resist negative energy. (rN+)
You are resistant to electric shocks. (rElec)
You are resistant to unholy torment.
You are immune to petrification.


Message History

You closely miss the bat. The bat closely misses you.
You hit the bat but do no damage. The bat barely misses you.
You closely miss the bat. The bat hits you but does no damage.
The bat hits you but does no damage. The bat hits you but does no damage.
You thump the bat!
You kill the bat!
Trog accepts your kill.
Found a stone staircase leading down.
A hobgoblin comes into view.
The hobgoblin shouts!
A kobold comes into view. It is wielding a +0 short sword.
The kobold shouts!
You hit the hobgoblin but do no damage.
The hobgoblin hits you but does no damage.
You sock the hobgoblin!
You kill the hobgoblin!
Trog accepts your kill. The kobold hits you but does no damage.
You hit the kobold.
You kill the kobold!
Trog accepts your kill.
Things that are here:
a +0 short sword; a kobold corpse
Found a stone staircase leading down.
A frilled lizard and a kobold come into view.
The frilled lizard hisses angrily.
The kobold shouts!
The frilled lizard bites you but does no damage.
You hit the frilled lizard.
You kill the frilled lizard!
Trog accepts your kill. The kobold hits you with a +0 club.
You see here a frilled lizard corpse.
You barely miss the kobold. The kobold hits you with a +0 club.
You barely miss the kobold. The kobold hits you with a +0 club.
You closely miss the kobold. The kobold hits you with a +0 club.
* * * LOW HITPOINT WARNING * * *
The kobold hits you with a +0 club.
You die...

..##(# #.........#
(.♣#.# #.........#
♣.♣#.# #.........#
..♣#.# #.........#
♣.♣#.# #.........#
..♣#.# #.........#
..##.# #####..###.#
♣..#.# #...#K..# .#
..##.# #.#.#@#.# .#
...+.# ##.#)#.#.# .#
####.######..#.#.#.# ..
............##...#.#####
###...#########.........
##### #......####
#.......... #.......###
#.......#


You could see a kobold.

Vanquished Creatures
  A hobgoblin (D:1)
  A bat (D:1)
  A frilled lizard (D:1)
  A kobold (D:1)
4 creatures vanquished.

Notes
Turn   | Place    | Note
-------+----------+-------------------------------------------
     0 | D:1      | Caerun the Gargoyle Berserker began the quest for the Orb.
     0 | D:1      | Reached XP level 1. HP: 14/14 MP: 1/1
   116 | D:1      | Slain by a kobold

Illustrated notes

Levels and vault maps discovered:
D:1:      tarquinn_simple_flora_water_b, layout_basic, serial_glass,
          glass_columns_c, glass_columns_a

Action                   || total
-------------------------++-------
Melee: Mace              ||    13
Armor: Animal skin       ||     9
Dodge: Dodged            ||     7

Table legend: (Time is in decaauts)
 A = Elapsed time spent in this place.
 B = Non-inter-level travel time spent in this place.
 C = Inter-level travel time spent in this place.
 D = Time resting spent in this place.
 E = Time spent auto-exploring this place.
 F = Levels seen in this place.
 G = Mean time per level.
                   A        B        C        D        E       F      G
               +--------+--------+--------+--------+--------+-----+--------+
         Total |    118 |    118 |      0 |      0 |     42 |   1 |  118.0 |
       Dungeon |    118 |    118 |      0 |      0 |     42 |   1 |  118.0 |
               +--------+--------+--------+--------+--------+-----+--------+

Top non-repeatable levels by time:
     D:1: 118 daAuts
